 Dungeon Crawl Stone Soup version 0.22-a0-283-g1871b15 (webtiles) character file.

86 Gorglomux the Covered (level 4, -5/37 HPs)
             Began as a Minotaur Earth Elementalist on Mar 18, 2018.
             Slain by a hobgoblin
             ... wielding a +0 club
              (7 damage)
             ... on level 2 of the Dungeon.
             The game lasted 00:01:38 (1922 turns).

Gorglomux the Covered (Minotaur Earth Elementalist) Turns: 1922, Time: 00:01:39

Health: -5/37      AC:  2    Str: 13    XL:     4   Next: 26%
Magic:  5/5        EV:  9    Int: 12    God:
Gold:   71         SH:  7    Dex: 11    Spells: 4/5 levels left

rFire    . . .     SeeInvis .   k - +1 dagger (venom)
rCold    . . .     Gourm    .   q - +0 shield
rNeg     . . .     Faith    .   c - +0 robe
rPois    .         Spirit   .   (helmet restricted)
rElec    .         Reflect  .   (no cloak)
rCorr    .         Harm     .   (no gloves)
MR       .....                  (no boots)
Stlth    ++........             (no amulet)
HPRegen  0.12/turn              (no ring)
MPRegen  0.09/turn              (no ring)

@: no status effects
A: retaliatory headbutt, horns 2
a: no special abilities


You were on level 2 of the Dungeon.
You were not hungry.

You visited 1 branch of the dungeon, and saw 3 of its levels.

You collected 71 gold pieces.

Inventory:

Hand Weapons
 k - a +1 dagger of venom (weapon)
Missiles
 b - 160 stones (quivered)
Armour
 c - a +0 robe (worn)
 q - a +0 shield (worn)
Scrolls
 e - a scroll of enchant weapon {unknown}
 f - a scroll of remove curse {unknown}
 j - 2 scrolls of random uselessness {unknown}
 l - 2 scrolls of teleportation {unknown}
 m - a scroll of fog {unknown}
 o - a scroll of amnesia {unknown}
 p - 2 scrolls of identify {unknown}
 s - a scroll of magic mapping {unknown}
Potions
 h - 3 potions of heal wounds {unknown}
 i - a potion of lignification {unknown}
 r - a potion of curing {unknown}
 t - a potion of agility {unknown}
Comestibles
 d - 6 rations


   Skills:
 + Level 2.5 Fighting
 + Level 2.6 Armour
 - Level 2.1 Dodging
 - Level 1.5 Stealth
 + Level 1.3 Shields
 - Level 1.7 Unarmed Combat
 - Level 1.3 Spellcasting
   Level 0.7 Transmutations
 - Level 2.4 Earth Magic


You had 4 spell levels left.
You knew the following spells:

 Your Spells              Type           Power        Failure   Level  Hunger
a - Sandblast             Erth           #.....       52%         1    ##.....


Dungeon Overview and Level Annotations

Branches:
Dungeon (3/15)

Altars:

Annotations:
D:3 Ijyb


Innate Abilities, Weirdness & Mutations

You reflexively headbutt those who attack you in melee.
You have a pair of horns on your head.


Message History

You are too injured to fight recklessly!!!
You are too injured to fight recklessly!!!
You are too injured to fight recklessly!!!
You are too injured to fight recklessly!!!
Unknown command!
Unknown command!
A magic dart appears from butt of thin air!!!
The magic dart hits you!!! * * * don't die
* * * A kobold comes into view!
You block the orc's attack! The hobgoblin barely misses you!
You block something's attack!
The hobgoblin hits you with a club! * * * don't die
* * * There butts a stone staircase leading up here!
The kobold shouts!!!
You climb upwards!
There is a stone staircase leading down here!
You block the orc's attack!
The hobgoblin hits you with a club!!! rip

#.#####.####...##.........#
#...................###.#.#
#######.####......### #.#.#
#.# #..##### #.#.# #.# #..##
#[#.# #.####...# #.#.#
#.#...#..### #.#.#
###..###.o...## #.#.# #...##
##>@.#.#####.#.# ## #.#.#
#g.###..<.....#
.######.#.#####...#.#########
...........#.....#.##
...####.###....^.### .#.# #.#
#......# .#.####.###..8...#
##...............#
#########.......#


You could see an orc and a hobgoblin.

Vanquished Creatures
  A worker ant (D:2)
  2 adder zombies (D:2)
  An ooze (D:1)
  2 dart slugs
  2 leopard geckos (D:1)
  2 orcs (D:3)
  A bat skeleton (D:2)
  2 bat zombies (D:2)
  A giant cockroach (D:2)
  4 goblins (D:1)
  5 hobgoblins
  A ball python (D:2)
  7 bats (D:1)
  4 frilled lizards
  A jackal skeleton (D:2)
  3 kobolds
  2 leopard gecko skeletons (D:2)
  3 rats
44 creatures vanquished.

Notes
Turn   | Place    | Note
-------+----------+-------------------------------------------
     0 | D:1      | Gorglomux the Minotaur Earth Elementalist began the quest for the Orb.
     0 | D:1      | Reached XP level 1. HP: 14/14 MP: 1/1
   180 | D:1      | Reached skill level 1 in Armour
   272 | D:1      | Reached skill level 1 in Fighting
   272 | D:1      | Reached skill level 1 in Unarmed Combat
   272 | D:1      | Reached XP level 2. HP: 22/23 MP: 3/3
   874 | D:1      | Reached XP level 3. HP: 15/28 MP: 4/4
  1740 | D:2      | Reached skill level 1 in Shields
  1740 | D:2      | Reached XP level 4. HP: 24/37 MP: 5/5
  1909 | D:3      | Noticed Ijyb
  1922 | D:2      | Slain by a hobgoblin

Vault maps used:
D:1:      minmay_arrival_open_corners, serial_co_window_serial,
          co_window_paths_a, co_window_paths_b, co_window_paths_a,
          co_window_corner_a, co_window_paths_a, co_window_2corner,
          co_window_unsneaky_path_a, co_window_2corner, co_window_cross_3,
          co_window_corner_b, co_window_paths_c, co_window_broadway_a,
          glass_columns_b, glass_columns_b, glass_columns_a
D:2:      serial_undead, serial_undead_c, serial_undead_c, serial_undead_f,
          serial_undead_d, serial_undead_d
D:3:      serial_corexii_hall, corexii_hall_statues_i, corexii_hall_statues_i,
          uniq_ijyb

Skill      XL: |  1  2  3 |
---------------+----------+-----
Armour         | 1 2 |  2.6
Fighting       | 1 2 |  2.5
Unarmed Combat | 1 |  1.7
Shields        | 1 |  1.3
Dodging        | |  2.1
Stealth        | |  1.5
Spellcasting   | |  1.3
Transmutations | |  0.7
Earth Magic    | |  2.4

Action                   |  1- 3 |  4- 6 || total
-------------------------+-------+-------++-------
Melee: Unarmed           |    77 |       ||    77
       Headbutt          |    12 |     2 ||    14
       Dagger            |    52 |     6 ||    58
 Cast: Sandblast         |     5 |       ||     5
 Stab: Sleeping          |     2 |       ||     2
  Eat: Chunk             |     3 |       ||     3
Armor: Robe              |    27 |     2 ||    29
Dodge: Dodged            |    86 |     5 ||    91
Block: Shield            |    10 |     7 ||    17

Table legend:
 A = Spawn XP
 B = Non-spawn XP
 C = Spawn XP percentage of total XP
 D = Spawn monster count
 E = Non-spawn monster count
 F = Spawn count percentage of total count
 G = Total turns spent on level
                    A         B        C        D         E        F      G
               +---------+---------+-------+---------+---------+-------+---------
         Total |       0 |     123 |   0.0 |       0 |      44 |   0.0 |  1922
               +---------+---------+-------+---------+---------+-------+---------
           D:1 |       0 |      49 |   0.0 |       0 |      26 |   0.0 |  1366
           D:2 |       0 |      68 |   0.0 |       0 |      16 |   0.0 |   542
           D:3 |       0 |       6 |   0.0 |       0 |       2 |   0.0 |    14
               +---------+---------+-------+---------+---------+-------+---------
